[Event "Uralsk-ch Men 2019"]
[Site "Khanty-Mansiysk"]
[Date "2019.03.13"]
[Round "2.6"]
[White "Evgeni, Polosin"]
[Black "Aleksander, Gutenev"]
[Result "0-1"]
[ECO "B30"]
[WhiteElo "2140"]
[BlackElo "2452"]
[Annotator "RC"]
[PlyCount "54"]
[EventDate "2019.03.12"]
[EventType "swiss"]
[EventCountry "RUS"]
[SourceTitle "playchess.com"]
[Source "ChessBase"]
[SourceQuality "1"]
[TimeControl "5400+30"]

1. e4 c5 2. Nf3 Nc6 3. c3 Nf6 4. e5 Nd5 5. d4 cxd4 6. cxd4 d6 7. Be2 g6 8. O-O Bg7 9. Na3 dxe5 10. Nxe5 Nxe5 11. dxe5 O-O 12. f4 Qb6+ 13. Kh1 Be6 14. Bc4 Rfd8 15. Qe2 Rac8 16. Bb3 a6 17. Bd2 Qd4 18. Ba5 b6 19. Rad1 Qc5 20. Be1 b5 21. h3 Rd7 22. g4 Ne3 23. Bxe6 Rxd1 24. Bxc8 Qd5+ 25. Qf3 Rxe1 26. Qxd5 Rxf1+ 27. Kh2 Nxd5 0-1

[Event "Uralsk-ch Men 2019"]
[Site "Khanty-Mansiysk"]
[Date "2019.03.16"]
[Round "5.2"]
[White "Rozhkov, Viacheslav"]
[Black "Iljiushenok, Ilia"]
[Result "1/2-1/2"]
[ECO "C02"]
[WhiteElo "2255"]
[BlackElo "2524"]
[Annotator "ChessBase"]
[PlyCount "114"]
[EventDate "2019.03.12"]
[EventType "swiss"]
[EventCountry "RUS"]
[SourceTitle "playchess.com"]
[Source "ChessBase"]
[SourceQuality "1"]
[TimeControl "5400+30"]

1. e4 e6 2. d4 d5 3. e5 c5 4. c3 Nc6 5. Nf3 Bd7 6. a3 Nge7 7. Be3 Nf5 8. Bd3 Nxe3 9. fxe3 f6 10. O-O c4 11. Bc2 f5 12. Nbd2 Na5 13. Kh1 Be7 14. g4 g6 15. gxf5 exf5 16. Rg1 b5 17. Nf1 Be6 18. Ng3 Nc6 19. Ne2 Qd7 20. Nf4 a5 21. Ng5 Bxg5 22. Rxg5 Ne7 23. Qf3 Bf7 24. Rg2 Qc6 25. b3 Kd7 26. Rb1 Rhb8 27. Qh3 Bg8 28. e4 Rf8 29. bxc4 bxc4 30. exf5 Nxf5 31. Nh5 Kc7 32. Nf6 Be6 33. Bxf5 Bxf5 34. Qxh7+ Kc8 35. Re1 Rb8 36. Qg7 Rd8 37. Kg1 Rb7 38. Qh6 Qe6 39. Qh4 Rb3 40. Rc1 a4 41. Qh7 Kb8 42. h4 Rb7 43. Qh6 Ka8 44. Qf4 Rb3 45. h5 gxh5 46. Rg7 Rb2 47. Qh4 Rdb8 48. Nxh5 Be4 49. Nf4 Qf5 50. Qf6 Qxf6 51. exf6 Rf8 52. Nh5 Bf3 53. Rg5 Bxh5 54. Rxh5 Rxf6 55. Rxd5 Rg6+ 56. Kh1 Rh6+ 57. Kg1 Rg6+ 1/2-1/2

[Event "Uralsk-ch Men 2019"]
[Site "Khanty-Mansiysk"]
[Date "2019.03.16"]
[Round "5.3"]
[White "Savitskiy, Sergey"]
[Black "Kabanov, Nikolai"]
[Result "1-0"]
[ECO "B28"]
[WhiteElo "2401"]
[BlackElo "2447"]
[Annotator "NA RC"]
[PlyCount "53"]
[EventDate "2019.03.12"]
[EventType "swiss"]
[EventCountry "RUS"]
[SourceTitle "playchess.com"]
[Source "ChessBase"]
[SourceQuality "1"]
[TimeControl "5400+30"]

1. e4 c5 2. Nf3 a6 3. Nc3 b5 4. d4 cxd4 5. Nxd4 e6 6. Be3 Bb7 7. Bd3 Qc7 8. O-O Nf6 9. a3 Nc6 10. Nxc6 {[%emt 0:08:42] B48: Sicilian: Taimanov: 5 Nc3 Qc7 6 Be3 a6 without Be2} Bxc6 11. f4 d6 12. Qf3 Be7 13. Qh3 h5 14. Kh1 Qb7 15. Bd4 $146 ({Predecessor:} 15. f5 e5 16. Bg5 Nd7 17. Qh4 Bxg5 18. Qxg5 Nf6 19. Rad1 h4 20. h3 O-O-O 21. Rfe1 Nh5 22. Qxh4 Nf4 23. Qg4 Kb8 {½-½ (23) Slingerland,F (2354)-Horvath,C (2537) Leiden 2008}) 15... b4 16. axb4 Qxb4 {[%emt 0:04:42] Double Attack} 17. Bxf6 Bxf6 18. e5 dxe5 19. fxe5 Be7 20. Bg6 fxg6 21. Qxe6 {[%emt 0:00:09] Double Attack} Qb7 $1 22. Qxg6+ {[%emt 0:00:27] Double Attack} Kd8 (22... Kd7 $1 $15 23. Rad1+ Kc7) 23. Rf7 Re8 $2 (23... Ra7 $1 $14) 24. Rxg7 $2 (24. Rd1+ $18 Kc8 25. Rxg7) 24... h4 $18 (24... Kc7 $11) 25. Rd1+ Kc8 26. Nd5 Ra7 27. Rxe7 1-0

[Event "Uralsk-ch Men 2019"]
[Site "Khanty-Mansiysk"]
[Date "2019.03.16"]
[Round "5.6"]
[White "Yaroslav, Remizov"]
[Black "Alexsander, Dubinin"]
[Result "1/2-1/2"]
[ECO "B33"]
[WhiteElo "2389"]
[BlackElo "2180"]
[Annotator "NA RC"]
[PlyCount "82"]
[EventDate "2019.03.12"]
[EventType "swiss"]
[EventCountry "RUS"]
[SourceTitle "playchess.com"]
[Source "ChessBase"]
[SourceQuality "1"]
[TimeControl "5400+30"]

1. e4 c5 2. Nf3 Nc6 3. d4 cxd4 4. Nxd4 Nf6 5. Nc3 e5 6. Ndb5 d6 7. Bg5 a6 8. Na3 b5 9. Bxf6 gxf6 10. Nd5 f5 11. Bxb5 axb5 12. Nxb5 Ra4 13. Nbc7+ Kd7 14. O-O Rxe4 15. Qh5 Nd4 16. c3 ({Much weaker is} 16. Qxf7+ Kc6 $15) 16... Ne2+ 17. Kh1 Kc6 18. g3 $1 ({Much worse is} 18. Qxf7 Qd7 $17) 18... Rg8 19. Qf3 Be6 (19... Qxc7 $11 20. Nxc7 Kxc7) 20. Nxe6 fxe6 21. Ne3 Qb6 22. Qxe2 Bh6 23. a4 Bxe3 24. a5 Qb5 25. Qxb5+ Kxb5 26. fxe3 Ra8 27. Rfc1 ({White should play} 27. Kg1 $11) 27... Ra6 28. Ra3 Rxa5 29. c4+ Kb4 30. Rxa5 Kxa5 31. Rd1 $15 Rxe3 32. Rxd6 Kb4 33. Rc6 e4 34. Kg1 Re2 35. c5 Rc2 36. Rxe6 Kxc5 37. g4 fxg4 38. Rxe4 Rxb2 39. Rxg4 Kd5 40. Rg7 Ke5 41. Rxh7 Kf5 1/2-1/2

[Event "Uralsk-ch Men 2019"]
[Site "Khanty-Mansiysk"]
[Date "2019.03.17"]
[Round "6.3"]
[White "Kazantsev, Nikita"]
[Black "Rozhkov, Viacheslav"]
[Result "0-1"]
[ECO "B51"]
[WhiteElo "2219"]
[BlackElo "2255"]
[Annotator "NA"]
[PlyCount "72"]
[EventDate "2019.03.12"]
[EventType "swiss"]
[EventCountry "RUS"]
[SourceTitle "playchess.com"]
[Source "ChessBase"]
[SourceQuality "1"]
[TimeControl "5400+30"]

1. e4 c5 2. Nf3 d6 3. Bb5+ Nd7 4. d4 cxd4 5. Qxd4 a6 6. Bxd7+ Bxd7 7. O-O e5 8. Qd3 Rc8 9. Nc3 Be7 10. Rd1 Be6 11. Nd5 Bxd5 12. Qxd5 Qc7 13. Ng5 Bf8 14. Be3 ({White should play} 14. Rd3 $14 Qe7 15. Qb3) 14... Nf6 15. Qd3 h6 16. Nf3 $17 Qxc2 17. Qa3 Qxe4 18. Rac1 Rxc1 19. Rxc1 Be7 20. Rc8+ Kd7 21. Nd2 Qh7 22. Rc1 Rc8 23. Nc4 Rxc4 24. Rxc4 d5 25. Rc7+ Kxc7 26. Qxe7+ Nd7 27. h3 d4 28. Bd2 Qb1+ 29. Kh2 Qxb2 30. Ba5+ b6 31. Bb4 a5 32. Qd6+ Kd8 33. Ba3 Qxa2 34. Qe7+ Kc8 35. Qe8+ Kc7 36. Be7 Qd5 0-1

[Event "Uralsk-ch Men 2019"]
[Site "Khanty-Mansiysk"]
[Date "2019.03.17"]
[Round "6.5"]
[White "Radzhabov, Rodion"]
[Black "Yaroslav, Remizov"]
[Result "1-0"]
[ECO "B24"]
[WhiteElo "2366"]
[BlackElo "2389"]
[Annotator "NA"]
[PlyCount "107"]
[EventDate "2019.03.12"]
[EventType "swiss"]
[EventCountry "RUS"]
[SourceTitle "playchess.com"]
[Source "ChessBase"]
[SourceQuality "1"]
[TimeControl "5400+30"]

1. e4 c5 2. Nc3 Nc6 3. Bb5 Nd4 4. Bc4 e6 5. Nge2 Nf6 6. O-O a6 7. d3 {[%emt 0:01:51] LiveBook: 130 Games} d5 8. Bb3 Nxb3 9. axb3 d4 10. Nb1 Be7 11. f4 O-O 12. Ng3 Ne8 13. Nd2 f5 $11 14. Qe2 Bh4 15. Nh1 Bd7 16. Nf3 fxe4 17. Qxe4 Nd6 18. Qe2 Re8 19. Ne5 Bf6 20. Nf2 Bxe5 21. fxe5 Nf5 22. Ne4 Bc6 23. Bg5 Qc7 24. Qg4 h6 25. Bd2 Bxe4 26. Qxe4 Rf8 27. Rf4 Rad8 28. Raf1 g5 29. R4f2 Ng7 30. Rf6 Nf5 31. Rxe6 Qh7 32. Rf6 Rxf6 33. exf6 Nd6 34. f7+ Qxf7 35. Qe5 Qg6 36. Rf6 Qg7 37. Qe6+ Kh7 38. h4 Rf8 39. hxg5 Rxf6 40. gxf6 Qf8 41. Bf4 Nf7 42. Qe4+ Kg8 43. Qxb7 a5 44. Qe4 Kh8 45. Kf2 Qg8 46. Qf5 Qh7 47. Qxc5 Qg6 48. Qxd4 Qf5 49. Ke1 Qg4 50. g3 Qe6+ 51. Kd2 h5 52. c4 Qf5 53. c5 Qe6 54. Qc4 1-0

[Event "Uralsk-ch Men 2019"]
[Site "Khanty-Mansiysk"]
[Date "2019.03.17"]
[Round "6.6"]
[White "Alexsander, Dubinin"]
[Black "Popov, Mikhail"]
[Result "0-1"]
[ECO "B03"]
[WhiteElo "2180"]
[BlackElo "2381"]
[Annotator "NA"]
[PlyCount "124"]
[EventDate "2019.03.12"]
[EventType "swiss"]
[EventCountry "RUS"]
[SourceTitle "playchess.com"]
[Source "ChessBase"]
[SourceQuality "1"]
[TimeControl "5400+30"]

1. e4 Nf6 2. e5 Nd5 3. d4 d6 4. c4 Nb6 5. exd6 exd6 6. Be3 {[%emt 0:08:04] LiveBook: 26 Games} Be7 7. Bd3 O-O 8. Ne2 Na6 9. Nd2 Nb4 10. Bb1 Bg5 11. O-O Bg4 12. a3 Nc6 13. Qc2 $11 f5 14. Bxg5 Qxg5 15. Nb3 d5 16. c5 Nc4 17. Ng3 a5 18. f4 Qf6 19. Qc3 a4 20. Nd2 Nxd2 21. Qxd2 Qxd4+ 22. Rf2 h5 23. Ba2 Rad8 24. Nf1 Rfe8 25. Re1 Rxe1 26. Qxe1 Kf8 27. Qe6 Re8 28. Qxd5 Qxd5 29. Bxd5 Re1 30. Rd2 Be2 31. Kf2 Rxf1+ 32. Kxe2 Rxf4 33. g3 Rg4 34. Bxc6 bxc6 35. Rd7 Rc4 36. Rxc7 Rxc5 37. Kd3 Rc1 38. Ra7 Rb1 39. Kc3 Rh1 40. Rxa4 Rxh2 41. Kd4 Rxb2 42. Ke5 Rb3 43. Ra8+ Kf7 44. Kxf5 Rxg3 45. a4 h4 46. a5 h3 47. Rh8 Ra3 48. a6 Rxa6 49. Rxh3 Ra5+ 50. Kf4 Rd5 51. Rc3 Rd6 52. Kg5 Ke7 53. Rc1 Kf7 54. Rf1+ Rf6 55. Rc1 g6 56. Kg4 Rd6 57. Rf1+ Ke7 58. Kg5 c5 59. Ra1 Rc6 60. Ra7+ Ke6 61. Kxg6 c4 62. Ra2 c3 0-1